Map: Dusty Gorge

Players

Darling

  • Race: Zerg Zerg
  • Spawn Location: 11:00

GRoupe

  • Race: Terran Terran
  • League: Master
  • Spawn Location: 9:00

llllllllllll - Winner!

  • Race: Protoss Protoss
  • Spawn Location: 3:00

PureLegacy - Winner!

  • Race: Terran Terran
  • Spawn Location: 5:00

VOD

Have the link to the VOD?

Description

Time

  • Played on: Nov. 24, 2018, 8:53 a.m.
  • Length: 2:59
Show
View Real Time Build Order
Export as new Build Order

Darling Zerg 

Build Orders: Hatch First 

Get SALT Encoding   

  12  0:01  Drone  
  13  0:08  Drone  
  14  0:18  Overlord  
  14  0:37  Drone x3  
  17  0:55  Hatchery  
  16  0:57  Drone  
  16  1:01  Drone  
  18  1:09  Extractor  
  17  1:17  Spawning Pool  
  16  1:20  Drone  
  16  1:24  Drone  
  18  1:31  Drone  
  19  1:42  Drone  
  20  2:04  Zergling x4  
  20  2:06  Queen  
  20  2:08  Queen  
  26  2:10  Drone  
  27  2:17  Overlord  
  27  2:26  Drone  
  28  2:41  Zergling x2  
  28  2:42  Zergling x4  
Show
View Real Time Build Order
Export as new Build Order

GRoupe Terran 

Build Orders:  

Get SALT Encoding   

  12  0:02  SCV  
  13  0:14  SCV  
  13  0:18  Supply Depot  
  14  0:26  SCV  
  15  0:29  Refinery  
  15  0:40  SCV  
  16  0:45  Barracks  
  16  0:53  SCV  
  17  1:02  Barracks  
  17  1:08  SCV  
  18  1:25  Supply Depot  
  18  1:37  Marine  
  19  1:49  Marine  
  16  2:18  Marine x2  
Show
View Real Time Build Order
Export as new Build Order

llllllllllll Protoss - Winner!

Build Orders: Cannon Rush 

Get SALT Encoding   

  1  0:00  Probe  
  12  0:05  Probe  
  14  0:19  Pylon  
  14  0:22  Probe  
  15  0:37  Forge  
  15  0:40  Probe  
  16  0:52  Probe  
  17  1:09  Pylon  
  17  1:29  Photon Cannon  
  17  1:31  Photon Cannon  
  17  1:40  Pylon  
  17  1:46  Probe  
  17  1:47  Photon Cannon  
  18  1:54  Probe  
  19  2:06  Probe  
  20  2:18  Probe  
  21  2:26  Nexus  
  21  2:53  Pylon  
  21  2:57  Nexus  
Show
View Real Time Build Order
Export as new Build Order

PureLegacy Terran - Winner!

Build Orders:  

Get SALT Encoding   

  12  0:01  SCV  
  13  0:13  SCV  
  14  0:18  Supply Depot  
  14  0:25  SCV  
  15  0:29  Refinery  
  15  0:40  SCV  
  16  0:47  Barracks  
  16  0:52  SCV  
  17  1:04  Barracks  
  17  1:18  Barracks  
  17  1:23  SCV  
  18  1:34  Reaper  
  19  1:42  Orbital Command  
  19  1:52  Refinery, Reaper  
  20  2:06  Supply Depot  
  20  2:11  Reaper x2  
  20  2:15  SCV  
  23  2:28  SCV  
  25  2:44  Supply Depot  
  26  2:47  SCV  
Tags
 
Add a new tag
Caveats
  • Supply blocks, unpowered buildings, or Contaminate may cause inaccurate times.
  • Supply counts are checked every 10 seconds.